 Dungeon Crawl Stone Soup version 0.22.0 (webtiles) character file.

58 Astral24 the Skirmisher (level 3, 0/29 HPs)
             Began as a Demonspawn Abyssal Knight on Oct 20, 2018.
             Was a Follower of Lugonu.
             Slain by an orc
             ... wielding a +0 dagger
              (1 damage)
             ... on level 3 of the Dungeon.
             The game lasted 00:08:36 (1533 turns).

Astral24 the Skirmisher (Demonspawn Abyssal Knight) Turns: 1533, Time: 00:08:37

Health: 0/29       AC:  4    Str: 13    XL:     3   Next: 76%
Magic:  0/5        EV: 11    Int: 13    God:    Lugonu [*.....]
Gold:   140        SH:  0    Dex: 12    Spells: 2/2 levels left

rFire    . . .     SeeInvis .   a - +1 falchion
rCold    . . .     Gourm    .   (no shield)
rNeg     . . .     Faith    .   b - +0 leather armour
rPois    .         Spirit   +   (helmet restricted)
rElec    .         Reflect  .   l - scarf {Spirit}
rCorr    .         Harm     .   (no gloves)
MR       .....                  e - +0 pair of boots
Stlth    +.........             m - amulet of the acrobat
HPRegen  0.09/turn              (no ring)
MPRegen  0.09/turn              (no ring)

@: lethally poisoned (0 -> -8)
A: horns 1
a: Depart the Abyss, Renounce Religion


You were on level 3 of the Dungeon.
You worshipped Lugonu.
Lugonu was aware of your devotion.
You were not hungry.

You visited 1 branch of the dungeon, and saw 3 of its levels.
You visited the Abyss 1 time.

You collected 140 gold pieces.

Inventory:

Hand Weapons
 a - a +1 falchion (weapon)
Missiles
 f - 17 poisoned needles
 k - 37 stones (quivered)
Armour
 b - a +0 leather armour (worn)
 e - a +0 pair of boots (worn)
 l - a scarf of spirit shield (worn)
Jewellery
 i - an uncursed ring of fire
 m - an amulet of the acrobat (around neck)
 n - an uncursed ring of magical power {unknown}
Scrolls
 d - a scroll of magic mapping {unknown}
 g - 3 scrolls of fog {unknown}
 h - a scroll of teleportation {unknown}
 j - 3 scrolls of identify {unknown}
 o - 2 scrolls of remove curse {unknown}
 q - a scroll of amnesia {unknown}
Potions
 p - a potion of mutation {unknown}
Comestibles
 c - 4 rations


   Skills:
 + Level 3.5 Fighting
 * Level 3.0 Long Blades
 + Level 1.7 Armour
 + Level 0.9 Dodging
 * Level 3.2 Invocations


You had 2 spell levels left.
You didn't know any spells.
Your spell library was empty.

Dungeon Overview and Level Annotations

Branches:
Dungeon (3/15)

Altars:
Gozag
Makhleb


Innate Abilities, Weirdness & Mutations

You have a pair of small horns on your head.


Message History

The hobgoblin is heavily wounded.
* * * LOW HITPOINT WARNING * * *
You feel sick. The hobgoblin hits you.
* * * LOW HITPOINT WARNING * * *
The orc hits you but does no damage. The orc barely misses you.
The hobgoblin barely misses you.
Okay, then.
You closely miss the hobgoblin.
The hobgoblin is heavily wounded.
* * * LOW HITPOINT WARNING * * *
You feel sick. The orc hits you with a dagger.
* * * LOW HITPOINT WARNING * * *
The orc hits you with a dagger of venom.
* * * LOW HITPOINT WARNING * * *
The hobgoblin closely misses you.
You hit the orc.
The orc is moderately wounded.
* * * LOW HITPOINT WARNING * * *
You feel sick. The orc hits you with a dagger.
You die...

... ... # .. #. ..
##.########.
......#....
........go#
........o@#
#..............).#
#.........##.#.###
#.........##.#.#
#.........##.#.#
#.........##.#.#
...............#
#.........##.###.#
<................#


You could see 2 orcs and a hobgoblin.

Vanquished Creatures
  An ooze (D:1)
  2 worms (D:2)
  A leopard gecko (D:2)
  3 orcs (D:3)
  3 ball pythons (D:2)
  4 bats
  3 giant cockroaches
  2 goblins (D:1)
  6 hobgoblins
  6 frilled lizards
  5 kobolds
  9 rats
45 creatures vanquished.

Notes
Turn   | Place    | Note
-------+----------+-------------------------------------------
     0 | Abyss:1  | Astral24 the Demonspawn Abyssal Knight began the quest for the Orb.
     0 | Abyss:1  | Reached XP level 1. HP: 18/18 MP: 2/2
    38 | Abyss:1  | Noticed a thrashing horror
    40 | D:1      | Escaped the Abyss
   185 | D:1      | Gained mutation: You have a pair of small horns on your head. [demonic ancestry]
   185 | D:1      | Reached XP level 2. HP: 22/24 MP: 4/4
   189 | D:1      | Reached * piety under Lugonu
   642 | D:2      | Reached XP level 3. HP: 26/29 MP: 5/5
   767 | D:2      | Found a burning altar of Makhleb.
   794 | D:2      | Found an opulent altar of Gozag.
  1533 | D:3      | HP: 1/29 [poisoned by an orc]
  1533 | D:3      | Slain by an orc

Skill      XL: |  1  2  3 |
---------------+----------+-----
Long Blades    | 2 3 |  3.0
Invocations    | 3 |  3.2
Fighting       | |  3.5
Armour         | |  1.7
Dodging        | |  0.9

Action                   || total
-------------------------++-------
Melee: Falchion          ||   122
       Headbutt          ||    15
Throw: Stone             ||     1
Invok: Depart the Abyss  ||     1
 Stab: Distracted        ||     1
  Eat: Chunk             ||     2
Armor: Leather armour    ||    34
Dodge: Dodged            ||   103
       Rpst.: Falchion   ||    32
